 Dungeon Crawl Stone Soup version 0.17-a0-670-g5d95ebd (webtiles) character file.

149 laxity the Changer (level 5, 0/44 HPs)
             Began as a Naga Transmuter on Apr 18, 2015.
             Slain by laxity's ghost (9 damage)
             ... on level 3 of the Dungeon.
             The game lasted 00:05:28 (3268 turns).

laxity the Changer (Naga Transmuter)                Turns: 3268, Time: 00:05:28

Health: 0/44       AC:  2    Str: 12 (13) XL:     5   Next: 31%
Magic:  2/8        EV: 19    Int: 14      God:
Gold:   168        SH:  0    Dex: 16      Spells: 2 memorised, 4 levels left

rFire  . . .     SeeInvis +       - Unarmed
rCold  . . .     Clarity  .     (armour currently unavailable)
rNeg   . . .     SustAb   .     (shield currently unavailable)
rPois  x         Gourm    .     (helmet currently unavailable)
rElec  .         Spirit   .     (cloak currently unavailable)
rCorr  .         Warding  .     (gloves currently unavailable)
rMut   .         Stasis   .     (no barding)
MR     .....                    (no amulet)
Stlth  +.........               (no ring)
                                (no ring)

@: spider-form, not resistant to hostile enchantments, very unstealthy
A: see invisible, (deformed body), (poison resistance), (slowness 0), spit
poison 2, AC +1
a: Spit Poison, End Transformation


You were on level 3 of the Dungeon.
You were not hungry.
You were a venomous arachnid creature.
You visited 1 branch of the dungeon, and saw 3 of its levels.

You collected 168 gold pieces.

Inventory:

Missiles
 b - 12 arrows
 m - 5 arrows of frost
Armour
 c - a +1 robe (melded)
Scrolls
 e - a scroll of enchant weapon {unknown}
 h - a scroll of blinking {unknown}
Potions
 a - a potion of agility
 i - a potion of curing {unknown}
 j - a potion of degeneration
 n - a potion of might
Books
 d - a book of Changes

   Spells                             Type                      Level
   a - Beastly Appendage              Transmutation                1
   b - Sticks to Snakes               Transmutation                2
   c - Spider Form                    Transmutation/Poison         3
   d - Ice Form                       Ice/Transmutation            4
   e - Blade Hands                    Transmutation                5
Comestibles
 f - 2 meat rations
 g - a beef jerky


   Skills:
 - Level 1.0 Fighting
 - Level 1.5 Dodging
 - Level 3.0 Unarmed Combat
 - Level 2.0 Spellcasting
 + Level 5.3 Transmutations


You had 4 spell levels left.
You knew the following spells:

 Your Spells              Type           Power        Failure   Level  Hunger
a - Beastly Appendage     Trmt           ###...       10%         1    ##.....
b - Spider Form           Trmt/Pois      #.........   45%         3    ####...


Dungeon Overview and Level Annotations

Branches:
Dungeon (3/15)

Altars:
Sif Muna
Xom

Annotations:
D:3 laxity's ghost, average NaTm


Innate Abilities, Weirdness & Mutations

You cannot wear boots.
((Your serpentine skin is tough (AC +1).))
You have supernaturally acute eyesight.
((Armour fits poorly on your strangely shaped body.))
((Your system is resistant to poisons.))
((You cover ground very slowly.))
You can spit poison.


Message History

Laxity's ghost is almost destroyed.
Your transformation has ended.
Your +1 robe unmelds from your body.
Laxity's ghost closely misses you.
Your magical contamination has completely faded away.
Casting: Spider Form
Confirm with . or Enter, or press ? or * to list all spells.
You turn into a venomous arachnid creature.
Your +1 robe melds into your body.
Laxity's ghost hits you.
Unknown command.
You hit laxity's ghost.
Laxity's ghost is almost destroyed.
Laxity's ghost misses you.
You hit laxity's ghost but do no damage.
Laxity's ghost is almost destroyed.
Laxity's ghost hits you!
* * * LOW HITPOINT WARNING * * *
You hit laxity's ghost but do no damage.
Laxity's ghost is almost destroyed.
Laxity's ghost hits you!
You die...

#.#+#####.......#
#.(.....#########
#####+#.......#
.(.......(....###
..............#..
..............#.#####
".............#.#...
........#+#####.#W####...
................s......%.
#########.#####.#.#.###..
.#####.#........
#..........<#
#.....#.###.### #.....#.#
.# #.... #.# # .... #.#
... #.# #.#


You could see laxity's ghost.

Vanquished Creatures
  Terence (D:2)
  6 gnolls (D:3)
  An adder (D:2)
  A worm (D:2)
  2 giant geckos (D:1)
  4 orcs (D:3)
  A giant cockroach (D:1)
  8 hobgoblins
  4 jackals (D:2)
  5 bats
  3 giant newts (D:1)
  7 goblins
  5 kobolds
  10 rats
58 creatures vanquished.

Notes
Turn   | Place    | Note
--------------------------------------------------------------
     0 | D:1      | laxity, the Naga Transmuter, began the quest for the Orb.
     0 | D:1      | Reached XP level 1. HP: 18/18 MP: 3/3
   271 | D:1      | Reached XP level 2. HP: 12/25 MP: 3/5
  1290 | D:2      | Noticed Terence
  1295 | D:1      | Reached XP level 3. HP: 31/31 MP: 4/6
  1303 | D:1      | Learned a level 3 spell: Spider Form
  1433 | D:2      | Killed Terence
  1433 | D:2      | Reached skill level 4 in Transmutations
  1574 | D:2      | Found a deep blue altar of Sif Muna.
  1604 | D:2      | Reached XP level 4. HP: 33/38 MP: 7/7
  2498 | D:3      | Reached skill level 5 in Transmutations
  2498 | D:3      | Reached XP level 5. HP: 44/44 MP: 5/8
  2718 | D:3      | HP: 2/44 [poisoned by a gnoll]
  3065 | D:3      | Found a shimmering altar of Xom.
  3239 | D:3      | Noticed laxity's ghost (average NaTm)
  3268 | D:3      | Slain by laxity's ghost

Action                   |  1- 3 |  4- 6 || total
-------------------------+-------+-------++-------
Melee: Unarmed           |   106 |    96 ||   202
 Cast: Beastly Appendage |    11 |       ||    11
       Spider Form       |     2 |    11 ||    13
  Use: Potion            |       |     5 ||     5
       Scroll            |       |     4 ||     4
  Eat: Chunk             |     3 |     3 ||     6
       Bread ration      |       |     1 ||     1
